AoeStats
← 逍遥场口

Nomad

508426382Analyzed
4v4 RM · 10d ago on Sep 22, 2026· 41m 35s· 8 players
Game mode
Random Map
Map size
231×231
Population
200
Speed
Normal
Resources
Standard
Victory
Conquest
Starting age
Dark Age
Ending age
Imperial Age
RankedLock teamsTeams togetherTeam positionsShared explorationLock speedFull tech treeHidden civsTurbo modeCheats
Victory
Defeat
🇨🇳 Burgundians · China
1432
+12
🇨🇳 Dravidians · China
1372
+15
🇨🇳 Koreans · China
1367
+15
🇨🇳 Franks · China
1275
+18
🇻🇳 Turks · Vietnam
1398
-17
🇬🇧 Dravidians · United Kingdom
1362
-16
🇨🇳 Spanish · China
1317
-14
🇨🇳 Persians · China
1299
-13
只会种田
4:32 Loom
9:22 Double-Bit Axe
11:26 Fishing Lines
11:31 Horse Collar
15:21 Feudal Age
16:53 Gillnets
19:44 Castle Age
18:29 Gold Mining
20:54 Medium Warships
21:32 Bow Saw
22:39 Wheelbarrow
22:05 Gillnets
26:06 Gold Shaft Mining
26:54 Scale Barding Armor
31:05 Imperial Age
28:30 Cavalier
29:11 Husbandry
30:01 Forging
31:23 Hand Cart
32:35 Chain Barding Armor
33:40 Iron Casting
35:46 Plate Barding Armor
35:23 Town Watch
37:06 Two-Man Saw
37:37 Blast Furnace
37:08 Fletching
37:40 Conscription
37:26 Heavy Plow
37:44 Paladin
40:14 Chemistry
39:42 Bodkin Arrow
逍遥场口
4:23 Loom
13:50 Feudal Age
20:07 Castle Age
18:23 Horse Collar
18:55 Double-Bit Axe
21:35 Bow Saw
21:18 Fletching
24:07 Wheelbarrow
27:15 Bodkin Arrow
29:46 Ballistics
37:50 Imperial Age
37:43 Hand Cart
39:19 Conscription
39:28 Bracer
41:40 Chemistry
xcfotrp131
4:15 Loom
13:02 Feudal Age
18:53 Castle Age
17:11 Double-Bit Axe
18:57 Wheelbarrow
18:19 Gold Mining
18:31 Fishing Lines
19:22 Scale Barding Armor
19:28 Forging
21:18 Bow Saw
26:34 Hand Cart
27:03 Chain Barding Armor
27:42 Husbandry
29:00 Iron Casting
29:41 Gillnets
32:22 Imperial Age
34:26 Plate Barding Armor
33:15 Cavalier
36:21 Blast Furnace
36:30 Paladin
TonTonJu
4:29 Loom
13:51 Feudal Age
14:22 Double-Bit Axe
17:33 Castle Age
19:10 Medium Warships
19:12 Fletching
19:19 Crossbowman
21:10 Fishing Lines
22:16 Bow Saw
23:05 Bodkin Arrow
24:18 Wheelbarrow
26:46 Padded Archer Armor
27:31 Town Watch
29:40 Hand Cart
29:54 Leather Archer Armor
29:46 Thumb Ring
29:36 Gold Mining
29:59 Horse Collar
31:58 Ballistics
36:40 Imperial Age
36:47 Imperial Age
36:48 Stone Mining
37:07 Heavy Plow
37:08 Town Patrol
37:35 Bracer
38:43 Chemistry
37:35 Arbalester
39:24 Fortified Wall
40:22 Ring Archer Armor
42:09 Conscription
milopokerboy
3:59 Loom
13:52 Feudal Age
18:58 Castle Age
18:18 Town Watch
18:35 Fletching
19:08 Double-Bit Axe
20:27 Medium Warships
20:57 Bow Saw
28:01 Wheelbarrow
29:58 Town Patrol
31:04 Horse Collar
32:10 Scale Mail Armor
32:20 Forging
33:33 Pikeman
34:13 Squires
34:59 Chain Mail Armor
35:19 Iron Casting
36:06 Hand Cart
39:40 Imperial Age
37:43 Bodkin Arrow
37:49 Padded Archer Armor
39:24 Iron Casting
38:58 Thumb Ring
39:37 Leather Archer Armor
XHK
8:18 Loom
12:07 Feudal Age
12:53 Double-Bit Axe
13:19 Horse Collar
17:12 Gold Mining
20:02 Castle Age
18:45 Scale Barding Armor
20:23 Bloodlines
20:44 Bow Saw
20:58 Chain Barding Armor
29:40 Gold Shaft Mining
29:42 Wheelbarrow
31:22 Hand Cart
34:40 Imperial Age
33:06 Forging
33:49 Husbandry
34:42 Iron Casting
35:30 Plate Barding Armor
34:17 Cavalier
35:00 Town Watch
35:45 Savar
38:20 Blast Furnace
39:20 Conscription
菜菜
9:44 Loom
12:10 Feudal Age
12:38 Double-Bit Axe
14:59 Fletching
16:13 Horse Collar
21:12 Castle Age
19:39 Stone Mining
19:39 Gold Mining
20:17 Gold Mining
22:18 Wheelbarrow
22:25 Bow Saw
23:09 Padded Archer Armor
23:20 Forging
29:57 Heavy Plow
33:29 Imperial Age
31:44 Leather Archer Armor
32:22 Stone Shaft Mining
38:54 Conscription
Vince
13:45 Feudal Age
15:28 Double-Bit Axe
15:47 Stone Mining
18:36 Castle Age
16:39 Horse Collar
19:29 Bow Saw
19:20 Heavy Plow
20:58 Loom
30:19 Wheelbarrow
31:07 Padded Archer Armor
31:00 Fletching
32:25 Gold Mining
34:47 Hand Cart
34:18 Town Watch
38:25 Imperial Age
39:13 Leather Archer Armor
39:11 Fortified Wall
41:14 Masonry
Connection lost

Rejoining the realm…

Still unreachable

The connection could not be restored.

Session expired

The server has moved on; the page needs a fresh start.